Map: 돌개바람 - 래더 (공허의 유산)

Players

Stats - Winner!

  • Race: Protoss Protoss
  • Spawn Location: 5:00

ByuL

  • Race: Zerg Zerg
  • Spawn Location: 1:00

Event: IEM Season 11 - Gyeonggi

VOD

https://www.youtube.com/watch?v=yHolvlenZaY

Description

Time

  • Played on: Dec. 17, 2016, 1:12 a.m.
  • Length: 8:45

All games in this series

Show
View Real Time Build Order
Export as new Build Order

Stats Protoss - Winner!

Build Orders: 1 Gate Expand, Mass Adepts 

Get SALT Encoding   

  12  0:00  Probe (Chrono Boost)  
  13  0:11  Probe (Chrono Boost)  
  14  0:18  Pylon  
  14  0:22  Probe (Chrono Boost)  
  15  0:36  Probe (Chrono Boost)  
  15  0:41  Gateway  
  16  0:47  Assimilator, Probe (Chrono Boost)  
  17  0:57  Probe (Chrono Boost)  
  18  1:08  Probe (Chrono Boost)  
  19  1:11  Pylon  
  20  1:18  Probe (Chrono Boost)  
  20  1:30  Nexus  
  20  1:35  Cybernetics Core  
  20  1:37  Probe (Chrono Boost)  
  21  1:43  Assimilator  
  21  1:48  Probe (Chrono Boost)  
  21  1:52  Pylon  
  22  1:59  Probe (Chrono Boost)  
  23  2:04  Warp Gate  
  23  2:07  Adept  
  23  2:11  Probe (Chrono Boost)  
  27  2:24  Twilight Council, Probe (Chrono Boost)  
  26  2:31  Adept  
  30  2:44  Probe x2 (Chrono Boost)  
  30  2:53  Resonating Glaives  
  30  2:54  Probe (Chrono Boost)  
  30  2:56  Probe (Chrono Boost)  
  32  2:59  Adept  
  34  3:12  Gateway, Probe x2 (Chrono Boost)  
  36  3:19  Gateway  
  38  3:27  Adept  
  38  3:28  Probe (Chrono Boost)  
  38  3:29  Probe (Chrono Boost)  
  38  3:43  Probe x2 (Chrono Boost)  
  38  3:48  Robotics Facility  
  38  3:50  Pylon  
  38  3:55  Probe (Chrono Boost), Mothership Core (Chrono Boost)  
  41  4:07  Probe (Chrono Boost), Adept  
  41  4:08  Adept  
  46  4:12  Pylon  
  46  4:13  Probe (Chrono Boost)  
  46  4:14  Adept  
  49  4:20  Probe (Chrono Boost)  
  49  4:22  Assimilator  
  50  4:25  Pylon  
  50  4:26  Probe (Chrono Boost)  
  50  4:31  Adept  
  54  4:32  Sentry, Probe (Chrono Boost)  
  56  4:39  Pylon  
  56  4:41  Sentry  
  58  4:46  Probe (Chrono Boost)  
  58  4:47  Probe (Chrono Boost), Warp Prism  
  62  4:58  Nexus  
  62  5:04  Sentry x2  
  66  5:13  Gateway  
  66  5:15  Gateway  
  66  5:17  Gateway  
  66  5:22  Sentry  
  66  5:24  Immortal  
  68  5:32  Adept  
  68  5:34  Gateway  
  74  5:36  Adept  
  76  5:54  Pylon  
  76  5:55  Adept, Pylon  
  78  6:07  Observer  
  78  6:08  Pylon  
  79  6:15  Adept x2  
  79  6:16  Adept x4  
  92  6:18  Probe (Chrono Boost)  
  92  6:19  Probe (Chrono Boost)  
  92  6:20  Probe (Chrono Boost)  
  94  6:38  Sentry  
  94  6:39  Sentry, Adept x2  
  102  6:40  Zealot x3  
  86  7:00  Adept x5  
  94  7:06  Adept x2  
  88  7:15  Probe x3 (Chrono Boost)  
  87  7:27  Adept  
  87  7:28  Adept x6  
  91  7:43  Probe x3 (Chrono Boost)  
  91  7:44  Warp Prism  
  90  7:51  Adept x5  
  90  7:52  Adept x2  
  96  8:13  Adept x6  
  96  8:14  Adept  
  110  8:31  Pylon  
  110  8:33  Pylon  
  106  8:35  Pylon  
  106  8:37  Pylon  
Show
View Real Time Build Order
Export as new Build Order

ByuL Zerg 

Build Orders: Pool First 

Get SALT Encoding   

  12  0:00  Drone  
  13  0:08  Drone  
  14  0:17  Overlord  
  14  0:22  Extractor  
  14  0:23  Drone  
  15  0:36  Drone x2  
  17  0:44  Spawning Pool  
  17  0:47  Drone  
  17  1:03  Drone  
  18  1:19  Drone  
  18  1:23  Extractor  
  18  1:30  Hatchery, Queen  
  18  1:31  Zergling x2  
  20  1:35  Drone  
  22  1:40  Zergling x2  
  22  1:50  Overlord  
  22  2:09  Drone  
  22  2:10  Drone  
  24  2:16  Hatchery  
  24  2:20  Queen  
  25  2:26  Drone  
  26  2:31  Metabolic Boost  
  26  2:34  Drone  
  27  2:41  Drone  
  27  2:42  Drone  
  28  2:45  Drone  
  28  2:47  Drone  
  30  2:53  Drone  
  30  2:54  Drone  
  32  2:59  Drone  
  32  3:04  Zergling x2  
  34  3:07  Overlord  
  34  3:15  Zergling x2  
  34  3:17  Zergling x2  
  35  3:27  Zergling x2  
  35  3:30  Drone x2  
  35  3:31  Drone  
  35  3:34  Drone  
  38  3:37  Drone  
  38  3:40  Queen  
  38  3:42  Drone  
  38  3:43  Baneling Nest  
  38  3:46  Drone x2  
  38  3:47  Drone  
  41  3:50  Queen  
  41  3:53  Drone x2  
  45  3:57  Drone  
  45  4:00  Drone  
  48  4:02  Drone  
  48  4:04  Overlord, Extractor  
  48  4:08  Drone  
  48  4:15  Zergling x2  
  48  4:16  Zergling x2  
  49  4:24  Zergling x6  
  49  4:25  Zergling x4  
  49  4:26  Zergling x6  
  49  4:30  Zergling x2  
  57  4:34  Evolution Chamber  
  57  4:35  Baneling x2  
  57  4:36  Zergling x2  
  57  4:39  Baneling x2  
  57  4:40  Drone  
  57  4:41  Overlord  
  57  4:46  Overlord  
  57  4:54  Overlord  
  57  4:55  Drone  
  57  4:57  Overlord  
  58  5:00  Drone  
  58  5:01  Drone x7  
  66  5:08  Roach Warren  
  66  5:09  Drone  
  66  5:13  Drone  
  68  5:14  Drone  
  68  5:15  Spore Crawler  
  68  5:17  Drone  
  68  5:18  Drone  
  68  5:21  Drone  
  70  5:22  Drone x2  
  70  5:26  Lair  
  72  5:31  Extractor  
  72  5:32  Drone  
  72  5:33  Drone x2  
  72  5:34  Zergling x6  
  77  5:37  Zergling x4  
  77  5:38  Zergling x2  
  77  5:41  Zergling x2  
  81  5:44  Zergling x2  
  81  5:49  Overlord x2  
  82  5:51  Overlord  
  82  5:55  Overlord  
  82  6:03  Overlord  
  82  6:07  Baneling x4  
  82  6:08  Roach  
  82  6:09  Roach x5  
  93  6:13  Roach  
  93  6:14  Roach, Zergling x4  
  93  6:18  Roach, Zergling x4  
  102  6:22  Roach x2  
  102  6:23  Zergling x2  
  102  6:25  Baneling  
  108  6:26  Baneling x2  
  108  6:27  Baneling  
  108  6:28  Zergling x4  
  103  6:40  Roach x2, Zergling x2  
  103  6:41  Zergling x6  
  103  6:44  Roach  
  103  6:48  Roach x2  
  103  6:50  Roach x2, Zergling x2  
  96  6:54  Roach x2, Zergling x2  
  96  6:59  Roach  
  96  7:00  Roach  
  99  7:04  Zergling x2  
  99  7:06  Queen  
  99  7:07  Queen  
  95  7:10  Roach x2, Zergling x2  
  87  7:23  Roach x3  
  87  7:29  Roach x2  
  89  7:31  Roach  
  82  7:41  Roach x2  
  82  7:43  Queen  
  84  7:45  Roach  
  68  7:52  Roach x3  
  68  7:55  Queen  
  59  8:00  Zergling x2  
  59  8:03  Zergling x4  
  55  8:08  Ravager  
  55  8:11  Zergling x2  
  45  8:13  Zergling x2  
  45  8:14  Zergling x2  
  45  8:15  Zergling x4  
  45  8:16  Zergling x6  
  50  8:23  Roach  
  50  8:24  Roach  

Tags
 
Add a new tag
Caveats
  • Supply blocks, unpowered buildings, or Contaminate may cause inaccurate times.
  • Supply counts are checked every 10 seconds.